 Dungeon Crawl Stone Soup version 0.29.1-1-gd02db6906a (webtiles) character file.

Game seed: 6096987795486120234

9 Demigod47 the Trooper (level 2, -1/27 HPs)
             Began as a Minotaur Fighter on Oct 13, 2022.
             Frozen to death by an endoplasm (2 damage)
             ... on level 1 of the Dungeon.
             The game lasted 00:00:25 (202 turns).

Demigod47 the Trooper (Minotaur Fighter)             Turns: 202, Time: 00:00:25

Health: -1/27      AC:  7    Str: 20    XL:     2   Next: 3%
Magic:  1/1        EV:  9    Int:  5    God:
Gold:   0          SH:  4    Dex:  9    Spells: 1/1 levels left

rFire   . . .      SeeInvis .   a - +0 flail
rCold   . . .      Faith    .   c - +0 buckler
rNeg    . . .      Spirit   .   b - +0 scale mail
rPois   .          Reflect  .   (helmet restricted)
rElec   .          Harm     .   (no cloak)
rCorr   .          Rampage  .   (no gloves)
Will    .....                   (no boots)
Stlth   ..........              (no amulet)
HPRegen 0.09/turn               (no ring)
MPRegen 0.07/turn               (no ring)

@: no status effects
A: horns 2, retaliatory headbutt
a: no special abilities


You were on level 1 of the Dungeon.
You visited 1 branch of the dungeon, and saw 1 of its levels.

Inventory:

Hand Weapons
 a - a +0 flail (weapon)
Armour
 b - a +0 scale mail (worn)
 c - a +0 buckler (worn)
Scrolls
 e - a scroll of blinking {unknown}
 f - a scroll of enchant armour {unknown}
 g - a scroll of butterflies {unknown}
Potions
 d - a potion of might


   Skills:
 + Level 3.8 Fighting
 * Level 2.8 Maces & Flails
 + Level 3.8 Armour
 + Level 3.8 Shields


You had one spell level left.
You didn't know any spells.
Your spell library was empty.

Dungeon Overview and Level Annotations

Branches:
Dungeon (1/15)

Altars:


Innate Abilities, Weirdness & Mutations

You have a pair of horns on your head.
You reflexively headbutt those who attack you in melee.


Message History

You closely miss the ball python.
The ball python bites you but does no damage.
The ball python constricts you.
You completely miss the ball python. The ball python bites you.
The ball python constricts you. The ball python bites you.
The ball python constricts you. The endoplasm freezes you.
You are frozen.
You hit the ball python.
You kill the ball python!
The endoplasm closely misses you.
You have reached level 2!
A giant cockroach comes into view.
The goblin barely misses you. The endoplasm barely misses you.
You see here a ball python corpse.
You sock the goblin!
You kill the goblin!
The endoplasm barely misses you. The giant cockroach bites you.
The endoplasm freezes you.
You are frozen.
The giant cockroach barely misses you.
You see here a +0 club.
The endoplasm hits you.
* * * LOW HITPOINT WARNING * * *
You block the giant cockroach's attack.
You see here a ball python corpse.
You barely miss the giant cockroach. The giant cockroach barely misses you.
The endoplasm freezes you.
You are frozen.
* * * LOW HITPOINT WARNING * * *
You block the giant cockroach's attack. The endoplasm hits you.
* * * LOW HITPOINT WARNING * * *
You closely miss the giant cockroach.
The giant cockroach bites you but does no damage.
The endoplasm completely misses you.
You hit the endoplasm.
The endoplasm is moderately wounded.
The giant cockroach bites you but does no damage.
The endoplasm freezes you.
You are frozen.
You die...

#....#.#....#.#
#....#.#..#.#.# #
###....#.##.#.#.# .
#...#.........#)# #
##. #..###.#.#..###.#
#.#..# ##..#..#.#.##
#.#
......###...†..#...#
#.# #...#J..#.#....##
#..
#..)@.###...>########
##._B## ###.........
#.....# #######.##
#..(#...# #.#
....###.... #.# ##..#
#..## #.# ##. .## #.#
.. ## #.## #..#


You could see an endoplasm and a giant cockroach.

Vanquished Creatures
  An endoplasm (D:1)
  A quokka (D:1)
  3 ball pythons (D:1)
  A frilled lizard (D:1)
  A goblin (D:1)
  A kobold (D:1)
  A rat (D:1)
9 creatures vanquished.

Notes
Turn   | Place    | Note
-------+----------+-------------------------------------------
     0 | D:1      | Demigod47 the Minotaur Fighter began the quest for the Orb.
     0 | D:1      | Reached XP level 1. HP: 19/19 MP: 0/0
     6 | D:1      | Noticed a redback
     6 | D:1      | Noticed a hog
     6 | D:1      | Noticed a black mamba
     7 | D:1      | Noticed a komodo dragon
   183 | D:1      | Found a faded altar of an unknown god.
   196 | D:1      | Reached XP level 2. HP: 16/27 MP: 1/1
   200 | D:1      | HP: 1/27 [endoplasm (2)]
   202 | D:1      | Frozen to death by an endoplasm

Illustrated notes

Levels and vault maps discovered:
D:1:      onia_arrival_zoo_common, layout_basic,
          nicolae_ecumenical_snake_handling

Action                   || total
-------------------------++-------
Melee: Flail             ||    21
       Headbutt          ||     1
Armor: Scale mail        ||     8
Dodge: Dodged            ||    12
Block: Buckler           ||     5
